 Dungeon Crawl Stone Soup version 0.29-a0-1027-gcd8c55af63 (webtiles) character file.

Game seed: 14888776729255057399

11 chakani the Chopper (level 2, -2/27 HPs)
             Began as a Hill Orc Berserker on Jan 18, 2022.
             Was a Follower of Trog.
             Slain by Terence
             ... wielding a +4 mace of holy wrath
              (12 damage)
             ... on level 2 of the Dungeon on Aug 12, 2022.
             The game lasted 00:01:03 (221 turns).

chakani the Chopper (Hill Orc Berserker)             Turns: 221, Time: 00:01:03

Health: -2/27      AC:  2    Str: 19    XL:     2   Next: 29%
Magic:  2/2        EV: 12    Int:  7    God:    Trog [*.....]
Gold:   6          SH:  0    Dex: 10    Spells: 1/1 levels left

rFire   . . .      SeeInvis .   a - +0 hand axe
rCold   . . .      Faith    .   (no shield)
rNeg    . . .      Spirit   .   b - +0 animal skin
rPois   .          Reflect  .   (no helmet)
rElec   .          Harm     .   (no cloak)
rCorr   .          Rampage  .   (no gloves)
Will    .....                   (no boots)
Stlth   +.........              (no amulet)
HPRegen 0.09/turn               (no ring)
MPRegen 0.08/turn               (no ring)

@: no status effects
A: no striking features
a: Renounce Religion, Berserk


You were on level 2 of the Dungeon.
You worshipped Trog.
Trog was aware of your devotion.
You visited 1 branch of the dungeon, and saw 2 of its levels.

You collected 6 gold pieces.

Inventory:

Hand Weapons
 a - a +0 hand axe (weapon)
Armour
 b - a +0 animal skin (worn)
Scrolls
 c - a scroll of torment {unknown}


   Skills:
 + Level 3.8 Fighting
 + Level 4.2 Axes
 + Level 2.4 Armour
 + Level 1.8 Dodging


You had one spell level left.
You didn't know any spells.
Your spell library was empty.

Dungeon Overview and Level Annotations

Branches:
Dungeon (2/15)

Altars:

Annotations:
D:2 Terence


Message History

No target in view!
No target in view!
No target in view!
No target in view!
No target in view!
No target in view!
No target in view!
HP restored.
Found a robe.
c - a scroll labelled KAUQ SIQAS Terence the Incautious comes into view.
He is wielding a +4 mace of holy wrath.
Terence is nearby!
Terence is nearby!
Terence is nearby!
Found 2 inky potions.
Terence hits you with a +4 mace of holy wrath.
You hit Terence.
Terence is moderately wounded.
Terence hits you with a +4 mace of holy wrath!
You are too injured to fight recklessly!
You are too injured to fight recklessly!
You are too injured to fight recklessly!
You are too injured to fight recklessly!
You are too injured to fight recklessly!
You are too injured to fight recklessly!
You are too injured to fight recklessly!
You are too injured to fight recklessly!
You are too injured to fight recklessly!
You are too injured to fight recklessly!
You are too injured to fight recklessly!
You are too injured to fight recklessly!
You are too injured to fight recklessly!
You are too injured to fight recklessly!
You are too injured to fight recklessly!
You are too injured to fight recklessly!
You are too injured to fight recklessly!
You hit Terence but do no damage.
Terence is moderately wounded.
Terence hits you with a +4 mace of holy wrath!
You die...

..............$.......
.###...#####............
.# #....# #............
.###....# #............
#.......####.......[....
........................
.......#................
.......#................
................@@......
.....#..................
.....#................!.
........................
........................
...........######+###
............ ......


You could see Terence.

Vanquished Creatures
  A bat (D:2)
  2 giant cockroaches (D:1)
  2 goblins
  A quokka (D:1)
  3 ball pythons
9 creatures vanquished.

Notes
Turn   | Place    | Note
-------+----------+-------------------------------------------
     0 | D:1      | chakani the Hill Orc Berserker began the quest for the Orb.
     0 | D:1      | Reached XP level 1. HP: 19/19 MP: 1/1
   115 | D:1      | Reached XP level 2. HP: 21/27 MP: 2/2
   155 | D:2      | Upgraded the game from 0.28-a0-1555-g9ae15a6949 to
                  | 0.28-a0-1638-g9123634e07
   159 | D:2      | Upgraded the game from 0.28-a0-1638-g9123634e07 to
                  | 0.29-a0-1027-gcd8c55af63
   216 | D:2      | Noticed Terence
   221 | D:2      | Slain by Terence

Illustrated notes

Levels and vault maps discovered:
D:1:      dpeg_arrival_fog, layout_loops_ring
D:2:      layout_basic, uniq_terence

Action                   || total
-------------------------++-------
Melee: Hand axe          ||    21
Armor: Animal skin       ||     8
Dodge: Dodged            ||    15

Table legend: (Time is in decaauts)
 A = Elapsed time spent in this place.
 B = Non-inter-level travel time spent in this place.
 C = Inter-level travel time spent in this place.
 D = Time resting spent in this place.
 E = Time spent auto-exploring this place.
 F = Levels seen in this place.
 G = Mean time per level.
                   A        B        C        D        E       F      G
               +--------+--------+--------+--------+--------+-----+--------+
         Total |    222 |    219 |      3 |      0 |    160 |   2 |  111.0 |
       Dungeon |    222 |    219 |      3 |      0 |    160 |   2 |  111.0 |
               +--------+--------+--------+--------+--------+-----+--------+

Top non-repeatable levels by time:
     D:1: 154 daAuts
     D:2: 68 daAuts
